AoeStats
← SeemsFishy

Black Forest

503228837Analyzed
4v4 RM · 1mo ago on Aug 30, 2026· 63m 7s· 8 players
Game mode
Random Map
Map size
Large (8 player)
Population
200
Speed
Normal
Resources
Standard
Victory
Conquest
Starting age
Dark Age
Ending age
Imperial Age
RankedLock teamsTeams togetherTeam positionsShared explorationLock speedFull tech treeHidden civsTurbo modeCheats
Victory
Defeat
🇲🇽 Persians · Mexico
1382
+14
🇺🇸 Chinese · United States
1335
+16
🇦🇷 Italians · Argentina
1303
+17
🇨🇴 Wei · Colombia
1301
+18
🇬🇧 Wu · United Kingdom
1389
-19
🇬🇧 Gurjaras · United Kingdom
1377
-18
🇵🇱 Ethiopians · Poland
1328
-16
🇵🇱 Persians · Poland
1243
-12
Keif
0:27 Loom
9:05 Feudal Age
9:11 Man-at-Arms
14:20 Double-Bit Axe
16:17 Wheelbarrow
20:15 Castle Age
18:07 Horse Collar
18:33 Fletching
20:01 Scale Mail Armor
20:56 Bodkin Arrow
20:23 Crossbowman
22:35 Bow Saw
24:42 Padded Archer Armor
28:19 Leather Archer Armor
31:38 Imperial Age
29:29 Gold Mining
31:02 Gold Shaft Mining
31:51 Arbalester
32:34 Bracer
33:04 Ring Archer Armor
33:40 Masonry
34:30 Thumb Ring
34:49 Ballistics
34:07 Elite Skirmisher
37:03 Chemistry
36:34 Architecture
37:17 Capped Ram
38:16 Heavy Rocket Cart
39:39 Heavy Rocket Cart
40:52 Hand Cart
54:21 Pikeman
55:19 Squires
55:35 Chain Mail Armor
55:31 Forging
55:27 Halberdier
57:33 Two-Man Saw
57:24 Plate Mail Armor
59:34 Iron Casting
60:18 Heavy Plow
Seifer
3:07 Loom
8:30 Feudal Age
8:59 Double-Bit Axe
14:58 Castle Age
13:13 Horse Collar
15:34 Bow Saw
15:28 Heavy Plow
16:49 Wheelbarrow
16:39 Town Watch
17:12 Heavy Plow
17:14 Stone Mining
22:07 Gold Mining
24:53 Gold Shaft Mining
25:50 Hand Cart
30:08 Imperial Age
28:33 Stone Shaft Mining
28:19 Scale Barding Armor
28:25 Forging
29:51 Masonry
30:16 Chain Barding Armor
30:33 Iron Casting
31:34 Two-Man Saw
30:47 Bloodlines
30:38 Husbandry
31:11 Architecture
31:16 Guilds
31:40 Crop Rotation
31:58 Conscription
31:56 Fletching
32:38 Ballistics
32:14 Murder Holes
33:20 Chemistry
33:04 Bodkin Arrow
33:45 Plate Barding Armor
36:15 Hoardings
37:06 Elite War Elephant
38:26 Caravan
40:08 Coinage
42:04 Coinage
43:15 Banking
43:54 Citadels
46:33 Blast Furnace
47:30 Light Cavalry
48:35 Fervor
52:43 Town Patrol
59:46 Devotion
ACI ShaN
5:44 Loom
10:40 Feudal Age
12:03 Double-Bit Axe
14:39 Castle Age
12:50 Horse Collar
14:42 Gold Mining
22:34 Bloodlines
25:41 Husbandry
26:18 Scale Barding Armor
29:06 Bow Saw
30:24 Chain Barding Armor
31:18 Wheelbarrow
30:51 Heavy Plow
31:20 Forging
33:39 Iron Casting
36:01 Hand Cart
35:40 Stone Mining
41:10 Imperial Age
40:37 Gold Shaft Mining
39:38 Light Cavalry
40:44 Treadmill Crane
43:04 Blast Furnace
41:26 Heavy Hei Guang Cavalry
42:40 Hussar
45:55 Conscription
54:24 Scale Mail Armor
53:48 Pikeman
54:29 Squires
54:19 Arson
55:30 Halberdier
61:42 Guard Tower
63:03 Tuntian
Nitsuga
0:26 Loom
15:36 Feudal Age
23:52 Castle Age
22:01 Double-Bit Axe
23:07 Gold Mining
32:06 Imperial Age
33:55 Chemistry
47:10 Horse Collar
48:46 Conscription
49:21 Fletching
50:41 Elite Genoese Crossbowman
51:18 Bodkin Arrow
51:45 Ballistics
52:27 Wheelbarrow
55:17 Bracer
washed up unskilled noob
2:45 Loom
2:53 Loom
12:42 Feudal Age
17:28 Castle Age
17:14 Horse Collar
17:29 Double-Bit Axe
22:44 Scale Barding Armor
29:09 Wheelbarrow
30:57 Bloodlines
31:30 Fletching
32:09 Bodkin Arrow
33:02 Masonry
33:15 Gold Mining
34:34 Fortified Wall
35:19 Town Watch
35:49 Hand Cart
38:13 Chain Barding Armor
37:55 Husbandry
43:19 Imperial Age
41:22 Heavy Plow
43:32 Forging
44:10 Heavy Camel Rider
45:53 Plate Barding Armor
45:51 Caravan
47:24 Iron Casting
48:03 Conscription
50:30 Frontier Guards
51:42 Hoardings
55:38 Light Cavalry
57:15 Coinage
59:07 Bow Saw
jkeR.!
10:10 Feudal Age
14:34 Castle Age
12:50 Double-Bit Axe
12:57 Horse Collar
22:18 Bow Saw
24:15 Wheelbarrow
23:44 Heavy Plow
23:36 Gold Mining
28:20 Imperial Age
26:12 Hand Cart
27:13 Scale Barding Armor
27:20 Forging
27:36 Stone Mining
28:48 Fletching
30:06 Crop Rotation
29:49 Kamandaran
29:50 Crossbowman
31:46 Ballistics
32:26 Chemistry
31:36 Thumb Ring
35:11 Conscription
36:42 Chain Barding Armor
36:57 Iron Casting
39:21 Masonry
41:04 Pikeman
41:44 Squires
41:30 Arson
41:32 Halberdier
43:51 Caravan
45:40 Blast Furnace
44:41 Scale Mail Armor
48:09 Heavy Camel Rider
48:10 Cavalier
48:50 Husbandry
49:01 Bloodlines
50:26 Plate Barding Armor
50:07 Chain Mail Armor
51:20 Savar
52:58 Coinage
52:39 Guilds
52:33 Light Cavalry
53:48 Hussar
Czotyn
10:08 Feudal Age
8:48 Loom
14:33 Castle Age
13:42 Double-Bit Axe
14:30 Fletching
14:46 Padded Archer Armor
18:47 Bow Saw
18:25 Horse Collar
19:28 Loom
20:08 Crossbowman
23:53 Bodkin Arrow
24:12 Padded Archer Armor
29:51 Ballistics
29:51 Heavy Plow
32:34 Imperial Age
30:23 Gold Mining
31:26 Wheelbarrow
32:40 Stone Mining
34:20 Chemistry
33:42 Bracer
33:57 Leather Archer Armor
33:46 Arbalester
34:32 Thumb Ring
34:49 Thumb Ring
35:53 Ring Archer Armor
38:57 Siege Engineers
40:08 Hand Cart
40:56 Two-Man Saw
40:38 Gold Shaft Mining
40:39 Stone Shaft Mining
41:15 Caravan
42:30 Conscription
42:12 Torsion Engines
SeemsFishy
0:49 Loom
14:11 Feudal Age
14:15 Man-at-Arms
16:38 Arson
17:35 Double-Bit Axe
24:09 Castle Age
22:22 Scale Mail Armor
22:26 Gold Mining
23:54 Forging
24:16 Horse Collar
24:11 Long Swordsman
25:09 Chain Mail Armor
25:22 Arson
28:40 Bow Saw
28:50 Squires
33:43 Pikeman
34:35 Heavy Plow
40:11 Imperial Age
39:47 Iron Casting
40:32 Halberdier
45:25 Wheelbarrow
50:34 Caravan
51:34 Two-Handed Swordsman
56:20 Plate Mail Armor
Connection lost

Rejoining the realm…

Still unreachable

The connection could not be restored.

Session expired

The server has moved on; the page needs a fresh start.